 Dungeon Crawl Stone Soup version 0.25-a0-294-gea9b1ad378 (webtiles) character file.

Game seed: 14992306628412174136, levelgen mode: classic

28704 Borgoz the Basher (level 13, 0/84 HPs)
             Began as a Gargoyle Berserker on Dec 19, 2019.
             Was a High Priest of Trog.
             Slain by a basilisk (10 damage)
             ... on level 2 of the Lair of Beasts.
             The game lasted 00:21:32 (13849 turns).

Borgoz the Basher (Gargoyle Berserker)             Turns: 13849, Time: 00:21:33

Health: 0/84       AC: 25    Str: 21    XL:     13   Next: 40%
Magic:  13/13      EV: 16    Int:  9    God:    Trog [*****.]
Gold:   1058       SH:  0    Dex: 13    Spells: 12/12 levels left

rFire    + . .     SeeInvis .   b - +9 demon whip
rCold    . . .     Gourm    .   (no shield)
rNeg     + . .     Faith    +   l - +5 ring mail {rF+}
rPois    ∞         Spirit   .   L - +0 helmet
rElec    +         Reflect  .   v - +0 cloak
rCorr    +         Harm     .   (no gloves)
MR       ++...                  (no boots)
Stlth    +.........             g - amulet of faith
HPRegen  1.24/turn              h - ring of resist corrosion
MPRegen  0.13/turn              (no ring)

@: berserk cooldown, regenerating, slowed, very slow
A: negative energy resistance 1, electricity resistance, unbreathing,
petrification resistance, rot immunity, AC +9
a: Berserk, Trog's Hand, Brothers in Arms, Renounce Religion


You were on level 2 of the Lair of Beasts.
You worshipped Trog.
Trog was extremely pleased with you.
You were near starving.

You visited 2 branches of the dungeon, and saw 16 of its levels.
You also visited: Ossuary.

You collected 1058 gold pieces.

Inventory:

Hand Weapons
 a - a +7 morningstar of crushing
 b - a +9 demon whip (weapon)
Armour
 l - a +5 ring mail of fire resistance (worn)
 v - a +0 cloak (worn)
 G - the +6 chain mail of the Hunter {rElec}
   (You found it on level 9 of the Dungeon)

   It insulates you from electricity.
 L - a +0 helmet (worn)
Jewellery
 g - an amulet of faith (around neck)
 h - a ring of resist corrosion (left hand)
Wands
 f - a wand of random effects (16)
 y - a wand of digging (11)
 B - a wand of polymorph (23)
 E - a wand of iceblast (4)
 F - a wand of paralysis (9)
 H - a wand of disintegration (19)
 J - a wand of enslavement (7)
Scrolls
 d - 4 scrolls of blinking
 j - 8 scrolls of remove curse
 r - a scroll of holy word
 u - 4 scrolls of teleportation
 w - a scroll of fog
 x - a scroll of enchant weapon
 D - 2 scrolls of magic mapping
 I - a scroll of enchant armour
Potions
 e - 3 potions of flight
 i - 2 potions of might
 k - 9 potions of curing {unknown}
 m - a potion of berserk rage
 n - 9 potions of cancellation
 o - 3 potions of brilliance
 p - 7 potions of lignification {unknown}
 q - 5 potions of heal wounds {unknown}
 s - 5 potions of resistance {unknown}
 t - 3 potions of invisibility {unknown}
 A - 2 potions of ambrosia {unknown}
 C - 2 potions of haste {unknown}
 K - a potion of mutation
Comestibles
 c - 32 rations


   Skills:
 + Level 11.5 Fighting
 * Level 13.4 Maces & Flails
 + Level 11.6 Armour
 + Level 9.2 Dodging


You had 12 spell levels left.
You didn't know any spells.
Your spell library was empty.

Dungeon Overview and Level Annotations

Branches:
Dungeon (12/15)            Temple (0/1) D:6            Lair (4/6) D:8
 Shoals (0/4) Lair:2          Orc (0/2) D:9         Ossuary (visited)
  Snake: Lair:2-4    Spider: Lair:2-4

Altars:
Ashenzari
Dithmenos
Fedhas
Makhleb
Nemelex Xobeh
Okawaru
Qazlal
Ru
Sif Muna
Vehumet
Wu Jian
Xom
Zin
The Shining One
Beogh

Shops:
D:7 **   D:9 }


Innate Abilities, Weirdness & Mutations

You are resistant to torment.
Your stone body is resilient. (AC +9)
You are immune to poison.
You resist negative energy. (rN+)
You are resistant to electric shocks. (rElec)
You can survive without breathing.
You are immune to petrification.
You are immune to rotting.


Message History

You whack the elephant!
The elephant is heavily wounded.
The elephant tramples you!
* * * LOW HITPOINT WARNING * * *
You stumble backwards!
You whack the elephant!
The elephant is severely wounded.
You hit the elephant.
The elephant is severely wounded.
The elephant tramples you.
* * * LOW HITPOINT WARNING * * *
You stumble backwards!
Okay, then.
Okay, then.
Your skin crawls.
You feel resistant to hostile enchantments.
You feel somewhat more hungry.
The elephant tramples you but does no damage.
The elephant barely misses you. The basilisk bites you!
You die...

...##.......# *#.......#≈≈≈**
....#==...<## *##.....#.#***+≈
...........# ####......##.,,*≈≈≈
###.....#######........***,*****≈
####.....#P.........,***,*≈≈≈**
###P#..........#,,**,,*≈≈≈*≈
####.........#*,,*,,*≈≈≈*≈
###.....l....#,,,**,+***≈≈ ***
##..†....Y@...#,,,,,,,,,***
*,***#.............#*,,,,,,***
**,*...............##*,,,,,,,,**
,,,,..............##**,,,,,,,,,*
,,,,.............## *,,,,,,,,,**
,,,,..##.........# *,,,,,,,,,*
*,**##*#P#.#..#.## ****,***,**
*** ####.###.# *** *** *#* *##


You could see an elephant and a basilisk.

Vanquished Creatures
  3 hydras
  A death knight (D:12)
  4 two-headed ogres
  Nergalle (D:10)
  2 ugly things (D:12)
  2 deep elf magi
  3 cyclopes
  3 black mambas
  5 elephants (Lair:2)
  Psyche (D:11)
  4 spiny frogs
  3 komodo dragons
  2 rime drakes
  A troll (D:11)
  A polar bear (Lair:3)
  Prince Ribbit (D:6)
  7 hippogriffs
  2 spriggans
  2 wraiths
  14 yaks
  A basilisk (Lair:1)
  2 humans (D:8)
  2 acid dragons
  5 water moccasins
  Duvessa (D:6)
  7 porcupines
  6 orc warriors
  A phantom (D:12)
  3 sky beasts
  3 black bears
  An eye of draining (D:11)
  4 ice beasts
  A necrophage (D:9)
  5 ogres
  2 centaurs
  3 wolves (Lair:3)
  5 crocodiles
  3 big kobolds
  10 bullfrogs
  Blork the orc (D:6)
  A gnoll sergeant (D:6)
  Dowan (D:6)
  2 water moccasin zombies (Ossuary)
  4 scorpions
  A water moccasin skeleton (D:10)
  20 killer bees
  13 wights
  A howler monkey (D:6)
  4 crimson imps
  4 bullfrog zombies
  2 quasits
  5 centaur zombies
  9 hounds
  2 jellies
  2 bullfrog skeletons
  5 orc priests
  7 orc wizards
  A centaur skeleton (D:9)
  Natasha (thrice) (D:2)
  An iguana (D:6)
  8 worker ants
  A killer bee zombie (D:7)
  3 big kobold zombies (Ossuary)
  2 mummies (Ossuary)
  2 howler monkey zombies
  9 adders
  10 gnolls
  7 shadow imps
  An ooze (D:4)
  5 adder zombies (Ossuary)
  A worm (D:4)
  A dart slug (D:2)
  8 leopard geckos
  41 orcs
  10 bats
  5 giant cockroaches
  9 goblins
  11 hobgoblins
  6 jackals
  13 kobolds
  6 quokkas
  3 frilled lizards
  A giant cockroach zombie (D:5)
  A gnoll zombie (Ossuary)
  4 hobgoblin zombies (Ossuary)
  5 kobold zombies (Ossuary)
  2 leopard gecko skeletons
  A leopard gecko zombie (D:8)
  7 orc zombies (Ossuary)
  2 quokka zombies
  4 rats
  A fungus (D:8)
  4 plants (D:8)
410 creatures vanquished.

Vanquished Creatures (others)
  5 fungi
  A plant (D:8)
6 creatures vanquished.

Grand Total: 416 creatures vanquished

Notes
Turn   | Place    | Note
-------+----------+-------------------------------------------
     0 | D:1      | Borgoz the Gargoyle Berserker began the quest for the Orb.
     0 | D:1      | Reached XP level 1. HP: 14/14 MP: 1/1
   242 | D:1      | Reached XP level 2. HP: 19/19 MP: 2/2
  1132 | D:2      | Reached XP level 3. HP: 22/23 MP: 3/3
  1340 | D:2      | Reached ** piety under Trog
  1399 | D:2      | Reached XP level 4. HP: 28/28 MP: 4/4
  1579 | D:2      | Noticed Natasha
  1587 | D:2      | Killed Natasha
  1813 | D:2      | Reached skill level 4 in Maces & Flails
  1846 | D:2      | Reached XP level 5. HP: 31/32 MP: 5/5
  1858 | D:2      | Found a shattered altar of Ashenzari.
  2038 | D:2      | Found a glowing golden altar of the Shining One.
  2220 | D:2      | Noticed Natasha
  2233 | D:2      | Killed Natasha
  2233 | D:2      | Reached *** piety under Trog
  2285 | D:2      | Noticed Natasha
  2303 | D:2      | Killed Natasha
  2600 | D:3      | Reached XP level 6. HP: 38/38 MP: 6/6
  2682 | D:3      | Found a burning altar of Makhleb.
  2815 | D:4      | You fall into a shaft and drop 3 floors!
  2886 | D:5      | Entered Level 5 of the Dungeon
  2899 | D:5      | Found a sparkling altar of Nemelex Xobeh.
  2970 | D:4      | Found a sand-covered staircase.
  2980 | Ossuary  | Entered an ossuary
  3037 | Ossuary  | Reached **** piety under Trog
  3094 | Ossuary  | Reached XP level 7. HP: 31/44 MP: 7/7
  3134 | Ossuary  | Reached skill level 5 in Maces & Flails
  3363 | D:4      | Found a glowing silver altar of Zin.
  3381 | D:4      | Reached skill level 5 in Armour
  3414 | D:4      | Got a slimy dagger
  3415 | D:4      | Identified the +10 dagger of the Forest {holy, rPois rC+
                  | Int+2} (You found it on level 4 of the Dungeon)
  3515 | D:4      | Found a stormy altar of Qazlal.
  3556 | D:4      | Found a sacrificial altar of Ru.
  4866 | D:5      | Reached skill level 5 in Fighting
  5427 | D:6      | Reached XP level 8. HP: 34/49 MP: 8/8
  5443 | D:6      | Reached ***** piety under Trog
  5443 | D:6      | Received a gift from Trog
  5824 | D:6      | Noticed Prince Ribbit
  5834 | D:6      | Killed Prince Ribbit
  5834 | D:6      | Reached skill level 6 in Maces & Flails
  6257 | D:6      | Noticed Dowan
  6257 | D:6      | Noticed Duvessa
  6264 | D:6      | Killed Duvessa
  6264 | D:6      | Reached skill level 5 in Dodging
  6264 | D:6      | Reached XP level 9. HP: 48/56 MP: 9/9
  6267 | D:6      | Killed Dowan
  6283 | D:6      | Noticed Blork the orc
  6295 | D:6      | Killed Blork the orc
  6300 | D:6      | Found a staircase to the Ecumenical Temple.
  6323 | D:6      | Found a radiant altar of Vehumet.
  6569 | D:7      | Found Qeziarph's General Store.
  6628 | D:7      | Reached skill level 7 in Maces & Flails
  6829 | D:7      | Found a shimmering blue altar of Sif Muna.
  6982 | D:7      | Found Iroehumn's Assorted Antiques.
  7454 | D:8      | Reached skill level 8 in Maces & Flails
  7454 | D:8      | Reached XP level 10. HP: 54/64 MP: 10/10
  7458 | D:8      | Found a staircase to the Lair.
  7639 | D:8      | Found an iron altar of Okawaru.
  7713 | D:8      | Found a blossoming altar of Fedhas.
  7753 | D:8      | Found a shimmering altar of Xom.
  7798 | D:8      | Received a gift from Trog
  7867 | D:8      | Found an ornate altar of the Wu Jian Council.
  8040 | D:8      | Found a shadowy altar of Dithmenos.
  8187 | D:9      | Noticed a two-headed ogre
  8336 | D:9      | Reached skill level 9 in Maces & Flails
  8465 | D:9      | Killed a two-headed ogre
  8613 | D:9      | Found Hisiyxef's Gadget Boutique.
  8750 | D:9      | Reached XP level 11. HP: 69/69 MP: 11/11
  8795 | D:9      | Got a bloodstained chain mail
  8806 | D:9      | Identified the +6 chain mail of the Hunter {rElec} (You
                  | found it on level 9 of the Dungeon)
  9112 | D:9      | Found a staircase to the Orcish Mines.
  9133 | D:9      | Found a roughly hewn altar of Beogh.
  9136 | D:9      | Received a gift from Trog
  9283 | D:9      | Reached skill level 10 in Maces & Flails
  9391 | D:10     | Entered Level 10 of the Dungeon
  9583 | D:10     | Noticed a two-headed ogre
  9595 | D:10     | Killed a two-headed ogre
  9777 | D:10     | Noticed a two-headed ogre
  9787 | D:10     | Killed a two-headed ogre
  9926 | D:10     | Noticed Nergalle
  9955 | D:10     | Killed Nergalle
 10131 | D:10     | Received a gift from Trog
 10311 | D:11     | Noticed a deep elf mage
 10319 | D:11     | Killed a deep elf mage
 10363 | D:11     | Noticed a cyclops
 10370 | D:11     | Killed a cyclops
 10424 | D:11     | Reached skill level 11 in Maces & Flails
 10453 | D:11     | Reached skill level 10 in Armour
 10551 | D:11     | Noticed a two-headed ogre
 10551 | D:11     | Noticed Psyche
 10572 | D:11     | Killed a two-headed ogre
 10572 | D:11     | Reached skill level 10 in Fighting
 10572 | D:11     | Reached XP level 12. HP: 77/77 MP: 0/12
 10588 | D:11     | Killed Psyche
 10932 | D:12     | Found a radiant altar of Vehumet.
 11063 | D:12     | Received a gift from Trog
 11168 | D:12     | Reached skill level 12 in Maces & Flails
 11448 | D:12     | Noticed a death knight
 11462 | D:12     | Killed a death knight
 11764 | Lair:1   | Entered Level 1 of the Lair of Beasts
 12455 | Lair:2   | Noticed an eight-headed hydra
 12471 | Lair:2   | Killed an eight-headed hydra
 12859 | Lair:2   | Noticed a six-headed hydra
 12877 | Lair:2   | Killed a six-headed hydra
 13028 | Lair:2   | You fall into a shaft and drop 2 floors!
 13064 | Lair:4   | Noticed a four-headed hydra
 13076 | Lair:4   | Killed a four-headed hydra
 13076 | Lair:4   | Reached XP level 13. HP: 72/84 MP: 13/13
 13085 | Lair:3   | Received a gift from Trog
 13106 | Lair:3   | Reached skill level 13 in Maces & Flails
 13849 | Lair:2   | Slain by a basilisk

Levels and vault maps discovered:
D:1:      psy_arrival_radial02, layout_basic, minmay_tall_x
D:2:      layout_loops_ring, tso_oasis_becter, marbit_many_paths,
          minmay_misc_feat_secret_circle, uniq_natasha
D:3:      layout_rooms, lightli_temple_of_fire
D:4:      layout_basic, zin_academy, old_standard_altar, lemuel_crystal_altar,
          enter_ossuary_5
D:5:      layout_layer_cave, nemelex_xobeh_ov_fountains_minmay, first_ration
D:6:      kennysheep_spiral_hall, layout_cave_pools,
          nicolae_overflow_crystal_walls, temple_fountains, roderic_malta_cross,
          uniq_blork_the_orc, uniq_prince_ribbit1, uniq_duvessa
D:7:      layout_loops_ring, lemuel_crystal_altar, serial_shops, shop,
          kennysheep_little_box
D:8:      layout_gridville, kennysheep_mini, fedhas_ov_isle_minmay,
          okawaru_humans, grunt_dithmenos_smoke, grunt_lair_entry_orc_guard_hut,
          basic_altar
D:9:      minmay_curly_fans, layout_basic, minmay_orc_entry_temple_small,
          serial_shops, nicolae_shop_crystal, grunt_pizzeria
D:10:     layout_cave_pools, uniq_nergalle
D:11:     layout_basic, grunt_decor_one_mirror, uniq_psyche
D:12:     layout_gridville, lemuel_altar_in_water
Lair:1:   layout_gridlike
Lair:2:   layout_cave_pods, elwin_shoals_entry_rooms
Lair:3:   layout_loops_ring, grunt_forest_stairs_clearing, serial_bayou_shore_a,
          grunt_megastairs_5
Lair:4:   layout_cave_pods, spider_nest_entry_rubble, lemuel_fruit_tree

Skill      XL: |  1  2  3  4  5  6  7  8  9 10 11 12 13 |
---------------+----------------------------------------+-----
Dodging        | 2 3 4 5 6 7 8 9 |  9.2
Armour         | 3 4 5 6 7 9 10 11 | 11.6
Maces & Flails | 4 5 6 8 9 11 12 13 | 13.4
Fighting       | 4 5 6 7 8 10 11 | 11.5

Action                   |  1- 3 |  4- 6 |  7- 9 | 10-12 | 13-15 || total
-------------------------+-------+-------+-------+-------+-------++-------
Melee: Mace              |   100 |   298 |   260 |       |       ||   658
       Morningstar       |       |       |   154 |    57 |       ||   211
       Demon whip        |       |       |       |   725 |   148 ||   873
Invok: Berserk           |     1 |     2 |     2 |     4 |     1 ||    10
       Trog's Hand       |       |     1 |     1 |     1 |     1 ||     4
Evoke: Wand              |       |       |       |     4 |       ||     4
  Use: Scroll            |       |     8 |     2 |     9 |     1 ||    20
  Eat: Chunk             |     2 |     9 |    14 |    19 |     2 ||    46
       Ration            |       |       |     1 |     1 |       ||     2
Armor: Ring mail         |    56 |   162 |   268 |   333 |    68 ||   887
       Animal skin       |     1 |       |       |       |       ||     1
Dodge: Dodged            |    70 |   203 |   319 |   455 |   109 ||  1156

Table legend:
 A = Non-vault XP
 B = Vault XP
 C = Vault XP percentage of total XP
 D = Non-vault monster count
 E = Vault monster count
 F = Vault count percentage of total count
                 A         B        C        D         E       F
            +---------+---------+-------+---------+---------+-------
      Total |   35113 |    5893 |  14.4 |     330 |      75 |  18.5
            +---------+---------+-------+---------+---------+-------
        D:1 |      26 |       7 |  21.2 |      14 |       4 |  22.2
        D:2 |     166 |      38 |  18.6 |      23 |       2 |   8.0
        D:3 |     128 |       0 |   0.0 |      31 |       0 |   0.0
        D:4 |     148 |       0 |   0.0 |      15 |       0 |   0.0
        D:5 |     312 |       0 |   0.0 |      10 |       0 |   0.0
        D:6 |     600 |     879 |  59.4 |      20 |       8 |  28.6
        D:7 |    1146 |       0 |   0.0 |      25 |       0 |   0.0
        D:8 |    1853 |     928 |  33.4 |      37 |       6 |  14.0
        D:9 |    2920 |     668 |  18.6 |      31 |      15 |  32.6
       D:10 |    3705 |     808 |  17.9 |      28 |       1 |   3.4
       D:11 |    4779 |     454 |   8.7 |      29 |       1 |   3.3
       D:12 |    6699 |       0 |   0.0 |      28 |       0 |   0.0
     Lair:1 |    2048 |       0 |   0.0 |      12 |       0 |   0.0
     Lair:2 |    7561 |       0 |   0.0 |      19 |       0 |   0.0
     Lair:3 |    1626 |    1800 |  52.5 |       6 |       9 |  60.0
     Lair:4 |    1396 |       0 |   0.0 |       2 |       0 |   0.0
    Ossuary |       0 |     311 | 100.0 |       0 |      29 | 100.0
            +---------+---------+-------+---------+---------+-------
